Cogmind - Beta 15 @@@ ROGUE MODE // 2025.10.18 @ 22:56:31 Player: kiul Result: Destroyed by B-75 Beast with Heavy Plasma Cannon Performance ------------- Evolutions (4) 2000 Regions Visited (10) 2000 Robots Destroyed (53) 265 Value Destroyed (1557) 1557 Prototype IDs (2) 40 Alien Tech Used (0) 0 Bonus (280) 280 TOTAL SCORE: 6142 Bonus ------- Follower Combat Kills 298 Friendly Fire -18 Cogmind --------- Core Integrity 0/850 Matter 274/300 Energy 60/100 System Corruption 14% Temperature Cool (12) Movement Core (50) Location -6/Extension Parts ------- > --- POWER (3) -------- (None) > --- PROPULSION (4) --- (None) > --- UTILITY (5) ------ (None) > --- WEAPON (3) ------- Heavy Flail > --- INVENTORY (5) ---- Medium Storage Unit Flak Gun Peak State ------------ > --- POWER ------------ Light Deuterium Engine Improved Deuterium Engine > --- PROPULSION ------- Carbon-fiber Leg Carbon-fiber Leg Carbon-fiber Leg Flexi-carbon Leg > --- UTILITY ---------- Improved Heat Sink Melee Analysis Suite Improved Light Armor Plating Improved Light Armor Plating Focal Shield > --- WEAPON ----------- Coil Gun Flak Cannon Power Sword > --- INVENTORY -------- Flak Gun Heavy Assault Cannon Heavy Flail Katana [Rating: 52] Favorites ----------- Power Light Ion Engine Engine Light Ion Engine Power Core Light Nuclear Core Propulsion Aluminum Leg Leg Aluminum Leg Hover Unit Aerolev Unit Flight Unit Nuclear Pulse Thruster Utility Visual Processing Unit Device ECM Suite Storage Small Storage Unit Processor Visual Processing Unit Protection Hardened Light Armor Plating Weapon Katana Ballistic Gun Assault Rifle Ballistic Cannon Flak Cannon Launcher Rocket Launcher Impact Weapon Heavy Flail Slashing Weapon Katana Build | -11 -10 -9 -8 -8 -8 -8 -6 -6 -6 -6 ------- Run | Yrd Mat Mat Mat Sto Rec Scr Fac Was Fac Ext Slots Evolved 8 | . . 2 2 . . . 4 . . . Power 2 | . . . 1 . . . 1 . . . Propulsion 2 | . . 1 . . . . 1 . . . Utility 3 | . . 1 1 . . . 1 . . . Weapon 1 | . . . . . . . 1 . . . Parts Attached 62 | 6 1 5 12 10 3 . 4 . 2 19 Power 10 | 1 . . 3 3 . . . . . 3 Engine 7 | 1 . . 1 2 . . . . . 3 Core 3 | . . . 2 1 . . . . . . Reactor . | . . . . . . . . . . . Propulsion 19 | 2 . 3 4 3 . . 2 . . 5 Treads . | . . . . . . . . . . . Leg 14 | 2 . 3 4 . . . . . . 5 Wheel . | . . . . . . . . . . . Hover 3 | . . . . 3 . . . . . . Flight 2 | . . . . . . . 2 . . . Utility 17 | 1 . 2 2 1 2 . . . 2 7 Device 7 | . . . 1 1 . . . . 2 3 Storage 3 | 1 . 1 . . . . . . . 1 Processor 2 | . . . 1 . 1 . . . . . Hackware . | . . . . . . . . . . . Protection 5 | . . 1 . . 1 . . . . 3 Artifact . | . . . . . . . . . . . Weapon 16 | 2 1 . 3 3 1 . 2 . . 4 Energy Gun . | . . . . . . . . . . . Energy Cannon . | . . . . . . . . . . . Ballistic Gun 4 | 2 . . . . . . 1 . . 1 Ballistic Cannon 2 | . . . 1 . . . 1 . . . Launcher 6 | . 1 . 1 3 1 . . . . . Special Weapon . | . . . . . . . . . . . Impact Weapon 1 | . . . . . . . . . . 1 Slashing Weapon 3 | . . . 1 . . . . . . 2 Piercing Weapon . | . . . . . . . . . . . Special Melee Weapon . | . . . . . . . . . . . Unidentified Prototypes 2 | . . . . 2 . . . . . . Parts Lost 38 | . . . 3 9 2 . . . . 24 Power 8 | . . . 1 4 . . . . . 3 Propulsion 10 | . . . 1 . 2 . . . . 7 Utility 13 | . . . . 3 . . . . . 10 Weapon 7 | . . . 1 2 . . . . . 4 Highest Loss Streak 14 | . . . 1 4 2 . . . . 14 To Critical Strikes . | . . . . . . . . . . . Average Backups 6 | . 4 7 8 7 6 7 5 6 6 4 Power . | . 1 1 . . . . . . . . Propulsion . | . . . 1 1 1 . . . . . Utility . | . . . 1 . . . . . . . Weapon 4 | . 3 5 5 5 5 5 4 5 5 3 Tool/Special . | . . . . . . . . . . . Unused Backups 3 | . . . . 1 . 1 . . 1 . Power . | . . . . . . . . . . . Propulsion 1 | . . . . . . 1 . . . . Utility . | . . . . . . . . . . . Weapon 2 | . . . . 1 . . . . 1 . Tool/Special . | . . . . . . . . . . . Average Slot Usage (%) 71 | . 85 71 81 89 47 39 44 53 57 67 Engine 7 | . 14 11 12 4 . . . . . 7 Core 2 | . . . 4 11 . . . . . . Leg 15 | . 28 26 26 17 . . . . . 11 Hover 3 | . . . . 9 11 9 6 6 6 1 Flight 2 | . . . . . . . 5 13 13 6 Device 4 | . . . 1 5 . . . . 9 11 Storage 7 | . 14 11 9 9 9 9 6 6 6 3 Processor 7 | . . . . 9 13 18 13 13 13 8 Protection 4 | . . 1 9 7 . . . . . 3 Ballistic Gun 3 | . 17 11 1 . . . 2 6 . 2 Ballistic Cannon 2 | . . . 7 2 . . 4 . . 2 Launcher 3 | . 10 11 6 3 4 1 . . . . Slashing Weapon 4 | . . . 1 9 9 1 5 6 6 4 Peak Build Rating 52 | 6 7 11 30 32 19 18 30 30 31 52 Average Rating 23 | 4 6 8 16 26 16 12 24 30 29 36 On Entrance 17 | . 6 7 11 30 19 18 12 30 30 30 Naked Turns . | . . . . . . . . . . . Heaviest Build 47 | 11 14 24 36 36 10 8 19 12 12 47 Greatest Support 65 | 20 20 30 43 43 24 8 12 12 12 65 Greatest Overweight (x) 3 | 3 . . 1 3 1 . 3 . . 1 Average Overweight (x) . | . . . . . . . . . . . Largest Inventory Capacity 10 | 8 8 10 10 10 8 8 8 8 8 10 Average Capacity 8 | 7 8 9 10 9 8 8 8 8 8 6 Most Carried 10 | 1 6 9 10 10 8 8 8 7 8 8 Average Carried 7 | . 5 7 8 8 7 7 6 7 7 5 Final Capacity 10 | 8 8 10 10 8 8 8 8 8 8 5 Final Carried 9 | 1 6 9 9 7 8 8 7 7 8 2 Class Distribution -------------------- 77% | Mutant 12% | Scavenger-Mutant 9% | Infiltrator-Mutant Dominant Class ---------------- Mutant | -10/Materials Mutant | -9/Materials Mutant | -8/Materials Mutant | -8/Storage Mutant | -8/Recycling Mutant | -8/Scraptown Mutant | -6/Factory Mutant | -6/Waste Infiltrator-Mutant | -6/Factory Scavenger-Mutant | -6/Extension Resources | -11 -10 -9 -8 -8 -8 -8 -6 -6 -6 -6 ----------- Run | Yrd Mat Mat Mat Sto Rec Scr Fac Was Fac Ext Matter Collected 1480 | 259 86 8 389 383 27 30 . . . 298 Remotely . | . . . . . . . . . . . Salvage Created 1570 | . 131 210 348 481 166 . . . . 234 Parts 88 | . 11 19 17 29 5 . . . . 7 Haulers Intercepted 4 | . 1 . 1 2 . . . . . . Recyclers Shooed . | . . . . . . . . . . . Parts Field Recycled . | . . . . . . . . . . . Retrieved Matter . | . . . . . . . . . . . Parts Self-Destructed . | . . . . . . . . . . . Prevented . | . . . . . . . . . . . Kills | -11 -10 -9 -8 -8 -8 -8 -6 -6 -6 -6 ------- Run | Yrd Mat Mat Mat Sto Rec Scr Fac Was Fac Ext Combat Hostiles Destroyed 39 | . . 9 7 10 3 . . . . 10 Melee 15 | . . 1 . 4 3 . . . . 7 Guns 3 | . . 3 . . . . . . . . Cannons 7 | . . . 4 . . . . . . 3 AOE 14 | . . 5 3 6 . . . . . . Classes Destroyed 12 | . 4 4 1 1 . . . . . 2 Worker 4 | . 2 1 1 . . . . . . . Builder 4 | . . . 1 3 . . . . . . Tunneler 1 | . . 1 . . . . . . . . Hauler 4 | . 1 . 1 2 . . . . . . Recycler 2 | . 1 . 1 . . . . . . . Watcher 4 | . 1 2 1 . . . . . . . Swarmer 10 | . . 6 . 3 . . . . . 1 Grunt 13 | . . 1 5 6 . . . . . 1 Duelist 1 | . . . . 1 . . . . . . Sentry 8 | . . 2 2 . 3 . . . . 1 Demolisher 2 | . . . . . . . . . . 2 Assembled 5 | . . . . . . . . . . 5 Best Kill Streak 6 | . 4 6 5 5 3 . . . . 5 Combat Bots Only 5 | . . 4 2 3 3 . . . . 5 Max Kills in Single Turn 3 | . 2 3 3 2 1 . . . . 2 Gunslinging . | . . . . . . . . . . . Exploded 2 | . . 2 1 1 . . . . . . Melee 1 | . . 1 . 1 1 . . . . 1 Uniques/NPCs Destroyed . | . . . . . . . . . . . Combat | -11 -10 -9 -8 -8 -8 -8 -6 -6 -6 -6 -------- Run | Yrd Mat Mat Mat Sto Rec Scr Fac Was Fac Ext Hostile Shots Fired 463 | . 1 28 44 63 38 . . . . 289 Missed 159 | . . 7 13 21 10 . . . . 108 Hits 304 | . 1 21 31 42 28 . . . . 181 Melee 8 | . . . . 5 . . . . . 3 Projectile 296 | . 1 21 31 37 28 . . . . 178 AOE 19 | . . . . . . . . . . 19 Critical Strikes 9 | . . 1 . 4 2 . . . . 2 Damage Taken 5371 | . 85 262 646 1105 406 . . . . 2867 Core 1393 | . . 54 83 222 175 . . . . 859 Absorbed by Shields 319 | . . . . . . . . . . 319 Ignored by Resistances 236 | . . . . . . . . . . 236 Core Remaining (%) 74 | 100 100 86 . . . 12 . . . . Volleys Fired 70 | . 6 14 23 15 . . . . . 12 Largest 3 | . 2 2 2 1 . . . . . 3 Hottest 70 | . 53 53 70 36 . . . . . 67 Shots Fired 112 | . 12 23 38 15 . . . . . 24 Gun 36 | . 6 14 4 . . . . . . 12 Cannon 30 | . . . 19 . . . . . . 11 Launcher 46 | . 6 9 15 15 . . . . . 1 Special . | . . . . . . . . . . . Kinetic 66 | . 6 14 23 . . . . . . 23 Thermal . | . . . . . . . . . . . Explosive 42 | . 6 9 15 11 . . . . . 1 Electromagnetic 4 | . . . . 4 . . . . . . Robot Hit Streak 8 | . 3 3 8 2 . . . . . 6 Robot Miss Streak 9 | . 3 3 6 2 . . . . . 9 Penetration Max . | . . . . . . . . . . . Secondary Targets . | . . . . . . . . . . . Shots Hit Robots 109 | . 5 10 25 21 15 . . . . 33 Core Hits 114 | . 7 16 40 24 3 . . . . 24 Critical Kills . | . . . . . . . . . . . Critical Parts Destroyed . | . . . . . . . . . . . Critical Strikes 11 | . . . . 4 4 . . . . 3 Sever 11 | . . . . 4 4 . . . . 3 Melee Attacks 71 | . . . 3 24 15 . . . . 29 Impact . | . . . . . . . . . . . Slashing 71 | . . . 3 24 15 . . . . 29 Piercing . | . . . . . . . . . . . Sneak Attacks 5 | . . . . 4 1 . . . . . Combat Hostiles . | . . . . . . . . . . . Follow-up Attacks 1 | . . . . . . . . . . 1 Damage Inflicted 5041 | . 275 673 959 1537 540 . . . . 1057 Guns 325 | . 51 93 21 . . . . . . 160 Cannons 533 | . . . 323 . . . . . . 210 Explosions 2235 | . 224 551 577 871 . . . . . 12 Melee 1912 | . . . 31 666 540 . . . . 675 Ramming 36 | . . 29 7 . . . . . . . Kinetic 858 | . 51 93 344 . . . . . . 370 Thermal . | . . . . . . . . . . . Explosive 2060 | . 224 551 577 696 . . . . . 12 Electromagnetic 175 | . . . . 175 . . . . . . Impact . | . . . . . . . . . . . Slashing 1912 | . . . 31 666 540 . . . . 675 Piercing . | . . . . . . . . . . . Highest Corruption 14 | . . . . . . . . 5 5 14 Average Corruption 9 | . . . . . . . . 5 5 10 Corruption Purged . | . . . . . . . . . . . Corruption Blocked . | . . . . . . . . . . . Effects 24 | . . . . . . . . 1 1 22 Message Errors 8 | . . . . . . . . . 1 7 Matter Fused 5 | . . . . . . . . . . 5 Heat Flow Errors 4 | . . . . . . . . 1 . 3 Energy Discharges 1 | . . . . . . . . . . 1 Data Loss (minor) 5 | . . . . . . . . . . 5 Data Loss (major) 1 | . . . . . . . . . . 1 Overload Shots . | . . . . . . . . . . . Overflow Damage 124 | . 28 . 5 27 44 . . . . 20 Projectiles . | . . . . . . . . . . . Explosions 60 | . 28 . 5 27 . . . . . . Melee 64 | . . . . . 44 . . . . 20 Knockbacks 14 | . . . 6 . . . . . . 8 Impact . | . . . . . . . . . . . Kinetic 13 | . . . 5 . . . . . . 8 Secondary 1 | . . . 1 . . . . . . . Self-Inflicted Damage 682 | . 75 34 182 391 . . . . . . Shots 21 | . 3 1 5 12 . . . . . . Rammed . | . . . . . . . . . . . Targets Rammed 4 | . . 3 1 . . . . . . . Kicked 4 | . . 3 1 . . . . . . . Crushed . | . . . . . . . . . . . Highest Temperature 263 | . . 21 120 73 8 . . 205 . 263 Average Temperature 40 | . . 14 32 24 4 . . 108 . 78 Received Heat Transfer 1206 | . 6 45 252 333 162 . . . . 408 Siege Activations . | . . . . . . . . . . . Martial Activations . | . . . . . . . . . . . Shielding Activations . | . . . . . . . . . . . Robots Disrupted . | . . . . . . . . . . . Combat Hostiles . | . . . . . . . . . . . Robots Corrupted . | . . . . . . . . . . . Combat Hostiles . | . . . . . . . . . . . Parts Fried . | . . . . . . . . . . . Impact Corruptions . | . . . . . . . . . . . Robots Melted . | . . . . . . . . . . . Combat Hostiles . | . . . . . . . . . . . Parts Melted . | . . . . . . . . . . . Heat Transferred . | . . . . . . . . . . . Parts Sabotaged . | . . . . . . . . . . . Parts Stolen . | . . . . . . . . . . . Parts Stripped . | . . . . . . . . . . . Power Chain Reactions 1 | . . . . 1 . . . . . . Alert | -11 -10 -9 -8 -8 -8 -8 -6 -6 -6 -6 ------- Run | Yrd Mat Mat Mat Sto Rec Scr Fac Was Fac Ext Maximum Alert Level 1 | . . 1 1 1 . . . . . . Low Security (%) 77 | 100 100 39 18 81 100 . 100 100 100 100 Level 1 22 | . . 60 81 18 . . . . . . Level 2 . | . . . . . . . . . . . Level 3 . | . . . . . . . . . . . Level 4 . | . . . . . . . . . . . Level 5 . | . . . . . . . . . . . High Security . | . . . . . . . . . . . Max Security . | . . . . . . . . . . . Peak Influence 349 | . 41 334 324 349 161 . . . . 106 Initial 149 | . . 4 149 124 141 . . . . . Average 105 | . 14 189 259 136 130 . . . . 24 Influence Increases 1870 | . 81 424 365 536 60 . . . . 404 Destroy 0b10 Robot/C 840 | . . 180 140 200 60 . . . . 260 Destroy 0b10 Robot/NC 95 | . 25 20 25 25 . . . . . . Destroy Leader 176 | . 4 54 44 34 . . . . . 40 Allied During Kill 65 | . . . . . . . . . . 65 Successful Hack 21 | . . . . . . . . . . 21 Disable Machine 285 | . 15 75 60 135 . . . . . . Destroy Structure 328 | . 37 80 96 112 . . . . . 3 Lose Combat Pursuer 60 | . . 15 . 30 . . . . . 15 Influence Decreases 1783 | . 70 81 425 466 333 91 . . . 317 Entered New Map 696 | . . 7 205 170 223 91 . . . . Time Decay 788 | . 70 74 190 206 90 . . . . 158 Lost Part 259 | . . . 30 90 20 . . . . 119 Lost Ally 40 | . . . . . . . . . . 40 Squads Dispatched 5 | . 1 1 1 1 . . . . 1 . Investigation 2 | . . 1 . . . . . . 1 . Extermination . | . . . . . . . . . . . Reinforcement 3 | . 1 . 1 1 . . . . . . Assault . | . . . . . . . . . . . Garrison . | . . . . . . . . . . . Intercept . | . . . . . . . . . . . Searches Triggered . | . . . . . . . . . . . Construction Impeded . | . . . . . . . . . . . Haulers Reinforced . | . . . . . . . . . . . Active Scanning Responses . | . . . . . . . . . . . Cargo Convoy Interrupts . | . . . . . . . . . . . Stealth | -11 -10 -9 -8 -8 -8 -8 -6 -6 -6 -6 --------- Run | Yrd Mat Mat Mat Sto Rec Scr Fac Was Fac Ext Distress Signals 7 | . . 3 . 2 . . . . . 2 Communications Jammed . | . . . . . . . . . . . Distress Signals . | . . . . . . . . . . . Times Spotted 94 | . 4 11 10 25 3 . . 2 2 37 Peak Tracking Total 9 | . 2 6 3 6 3 . . 2 2 9 Tactical Retreats 5 | . . 1 . 1 . . . . . 3 Traps | -11 -10 -9 -8 -8 -8 -8 -6 -6 -6 -6 ------- Run | Yrd Mat Mat Mat Sto Rec Scr Fac Was Fac Ext Traps Triggered 7 | . . 1 . 1 . . 1 . 1 3 Indirectly 1 | . . . . 1 . . . . . . Trap Hack Attempts . | . . . . . . . . . . . Triggered . | . . . . . . . . . . . Disarmed . | . . . . . . . . . . . Reprogrammed . | . . . . . . . . . . . Reused . | . . . . . . . . . . . Traps Extracted . | . . . . . . . . . . . Installed . | . . . . . . . . . . . Triggered . | . . . . . . . . . . . Machines | -11 -10 -9 -8 -8 -8 -8 -6 -6 -6 -6 ---------- Run | Yrd Mat Mat Mat Sto Rec Scr Fac Was Fac Ext Machines Disabled 19 | . 1 5 4 9 . . . . . . Max in Single Turn 5 | . 1 2 1 5 . . . . . . Machines Repaired . | . . . . . . . . . . . Machines Dismantled . | . . . . . . . . . . . Machines Sabotaged . | . . . . . . . . . . . Overloaded Fab Kills . | . . . . . . . . . . . Hacking | -11 -10 -9 -8 -8 -8 -8 -6 -6 -6 -6 --------- Run | Yrd Mat Mat Mat Sto Rec Scr Fac Was Fac Ext Machines Accessed 9 | . . . . . 2 . . . . 7 Terminals 6 | . . . . . . . . . . 6 Fabricators . | . . . . . . . . . . . Repair Stations . | . . . . . . . . . . . Recycling Units 3 | . . . . . 2 . . . . 1 Scanalyzers . | . . . . . . . . . . . Garrison Access . | . . . . . . . . . . . Total Hacks 19 | . . . . . 6 . . . . 13 Successful 11 | . . . . . 3 . . . . 8 Failed 8 | . . . . . 3 . . . . 5 Catastrophic 2 | . . . . . . . . . . 2 Database Lockouts . | . . . . . . . . . . . Manual 1 | . . . . 1 . . . . . . Terminals 11 | . . . . . . . . . . 11 Fabricators . | . . . . . . . . . . . Repair Stations . | . . . . . . . . . . . Recycling Units 8 | . . . . . 6 . . . . 2 Scanalyzers . | . . . . . . . . . . . Garrison Access . | . . . . . . . . . . . Terminal Hacks 6 | . . . . . . . . . . 6 Record 1 | . . . . . . . . . . 1 Open Door 4 | . . . . . . . . . . 4 Zone Layout 1 | . . . . . . . . . . 1 Fabricator Hacks . | . . . . . . . . . . . Repair Station Hacks . | . . . . . . . . . . . Recycling Unit Hacks 5 | . . . . . 3 . . . . 2 Report Inventory 3 | . . . . . 2 . . . . 1 Retrieve Components 2 | . . . . . 1 . . . . 1 Scanalyzer . | . . . . . . . . . . . Garrison Access Hacks . | . . . . . . . . . . . Unauthorized Hacks . | . . . . . . . . . . . Terminals . | . . . . . . . . . . . Fabricators . | . . . . . . . . . . . Repair Stations . | . . . . . . . . . . . Recycling Units . | . . . . . . . . . . . Scanalyzers . | . . . . . . . . . . . Garrison Access . | . . . . . . . . . . . Data Cores Recovered . | . . . . . . . . . . . Used . | . . . . . . . . . . . Hacking Detections 5 | . . . . . 2 . . . . 3 Full Trace Events . | . . . . . . . . . . . Feedback Events . | . . . . . . . . . . . Feedback Blocked . | . . . . . . . . . . . Robot Schematics Acquired . | . . . . . . . . . . . Robots Built . | . . . . . . . . . . . Authchips . | . . . . . . . . . . . Time . | . . . . . . . . . . . Total Robot Build Rating . | . . . . . . . . . . . Part Schematics Acquired . | . . . . . . . . . . . Parts Built . | . . . . . . . . . . . Authchips . | . . . . . . . . . . . Time . | . . . . . . . . . . . Total Part Build Rating . | . . . . . . . . . . . Parts Repaired . | . . . . . . . . . . . Time . | . . . . . . . . . . . Parts Recycled . | . . . . . . . . . . . Recycled Matter . | . . . . . . . . . . . Retrieved Matter . | . . . . . . . . . . . Retrieved Components 8 | . . . . . 3 . . . . 5 Parts Scanalyzed . | . . . . . . . . . . . Part Schematics Acquired . | . . . . . . . . . . . Parts Damaged . | . . . . . . . . . . . Bothacking | -11 -10 -9 -8 -8 -8 -8 -6 -6 -6 -6 ------------ Run | Yrd Mat Mat Mat Sto Rec Scr Fac Was Fac Ext Used RIF Installer . | . . . . . . . . . . . Robots Hacked . | . . . . . . . . . . . Non-combat . | . . . . . . . . . . . Combat . | . . . . . . . . . . . Robot Hacks Applied . | . . . . . . . . . . . Relay Couplers Released . | . . . . . . . . . . . Fabnet Peak Effective % . | . . . . . . . . . . . Robots Rewired . | . . . . . . . . . . . Allies Hacked . | . . . . . . . . . . . Hacks Repelled . | . . . . . . . . . . . Allies | -11 -10 -9 -8 -8 -8 -8 -6 -6 -6 -6 -------- Run | Yrd Mat Mat Mat Sto Rec Scr Fac Was Fac Ext Total Allies 7 | . . . . . . . . . . 7 Largest Group 3 | . . . . . . . . . . 3 Highest-Rated Group 215 | . . . . . . . . . . 215 Highest-Rated Ally 159 | . . . . . . . . . . 159 Total Orders . | . . . . . . . . . . . Ally Attacks 69 | . . . . . . . . . . 69 Total Damage 1812 | . . . . . . . . . . 1812 Kills 14 | . . . . . . . . . . 14 Allies Corrupted . | . . . . . . . . . . . Allies Melted . | . . . . . . . . . . . Intel | -11 -10 -9 -8 -8 -8 -8 -6 -6 -6 -6 ------- Run | Yrd Mat Mat Mat Sto Rec Scr Fac Was Fac Ext Active Infowar (turns) 1196 | . . . 27 425 189 100 46 28 75 306 Optics 1195 | . . . 27 425 189 100 46 28 74 306 Jamming 1 | . . . . . . . . . 1 . ECM 9 | . . . . . . . . . 9 . Robot Analysis Total . | . . . . . . . . . . . Derelict Logs Recovered . | . . . . . . . . . . . Drone Launches . | . . . . . . . . . . . Drone Recoveries . | . . . . . . . . . . . Exploration | -11 -10 -9 -8 -8 -8 -8 -6 -6 -6 -6 ------------- Run | Yrd Mat Mat Mat Sto Rec Scr Fac Was Fac Ext Turns Passed 2366 | 61 174 187 391 425 189 100 46 28 75 690 Spaces Moved 2201 | 41 125 116 209 354 291 191 60 74 189 551 Core 15 | 15 . . . . . . . . . . Treads . | . . . . . . . . . . . Legs 901 | 26 125 116 209 149 . . . . . 276 Wheels . | . . . . . . . . . . . Hover 697 | . . . . 205 291 191 10 . . . Flight 588 | . . . . . . . 50 74 189 275 Fastest Speed 37 | 50 120 120 120 42 42 50 37 37 37 37 Average Speed 81 | 125 120 120 143 82 50 50 63 37 37 88 Slowest Speed 280 | 200 120 120 190 250 110 50 280 37 37 190 Overloaded Moves . | . . . . . . . . . . . Propulsion Burnouts . | . . . . . . . . . . . Robots Hopped . | . . . . . . . . . . . Potential Cave-ins . | . . . . . . . . . . . Cave-ins Triggered . | . . . . . . . . . . . Exploration Rate (%) 30 | 4 35 16 18 56 47 28 2 73 5 51 Regions Visited 10 Branch Regions 4 Pre-discovered Areas . | . . . . . . . . . . . Known Exits Taken . | . . . . . . . . . . . Unknown Exits Taken 8 | 1 1 1 1 1 1 1 . . 1 . Scrap Searched 1 | . . . . . . 1 . . . . Spaces Dug 18 | . . . . 18 . . . . . . Terrain Destroyed 341 | . 45 86 100 106 . . . . . 4 Melee . | . . . . . . . . . . . Projectile 2 | . . . . . . . . . . 2 AOE 339 | . 45 86 100 106 . . . . . 2 Terrain Rammed . | . . . . . . . . . . . Walls Destroyed . | . . . . . . . . . . . Machines Disabled . | . . . . . . . . . . . Actions | -11 -10 -9 -8 -8 -8 -8 -6 -6 -6 -6 --------- Run | Yrd Mat Mat Mat Sto Rec Scr Fac Was Fac Ext Total 2536 | 47 136 138 259 436 309 196 67 73 193 682 Wait 45 | . . . 2 17 . . . . . 26 Move 2193 | 40 124 116 208 353 290 190 60 73 188 551 Hop . | . . . . . . . . . . . Pick Up 21 | 1 5 . 4 4 . 2 1 . 1 3 Fast Attach 37 | 6 . 3 4 2 3 . 2 . 2 15 Attach 16 | . . . 2 6 . . 3 . . 5 Detach 9 | . . 1 . 3 1 . 1 . 1 2 Swap 17 | . 1 2 6 6 . . . . . 2 Drop 19 | . . . 6 6 . 4 . . 1 2 Fire 70 | . 6 14 23 15 . . . . . 12 Melee 70 | . . . 3 24 15 . . . . 28 Ram . | . . . . . . . . . . . Kick 3 | . . 2 1 . . . . . . . Crush . | . . . . . . . . . . . Escape Stasis 36 | . . . . . . . . . . 36 Rewire . | . . . . . . . . . . . Trap . | . . . . . . . . . . . Miscellaneous . | . . . . . . . . . . . Route ------- -11/Scrapyard -10/Materials -9/Materials -8/Materials -8/Storage -8/Recycling -8/Scraptown -6/Factory -6/Waste -6/Factory -6/Extension History --------- Turn | Location | Event 26 | -11/Scrapyard | Discovered new exit (range 15) 62 | -11/Scrapyard | Entered Materials 230 | -10/Materials | Discovered new exit (range 5) 236 | -10/Materials | Entered another Materials area 236 | -9/Materials | Evolved 2 slots: Propulsion x1, Utility x1 303 | -9/Materials | Build established: Mutant 378 | -9/Materials | Discovered new exit (range 13) 423 | -9/Materials | Entered another Materials area 423 | -8/Materials | Evolved 2 slots: Power x1, Utility x1 802 | -8/Materials | Discovered new exit (range 11) 814 | -8/Materials | Entered Storage 1053 | -8/Storage | Lost 4 parts (2p1u1w) 1223 | -8/Storage | Core integrity fell below 50% 1238 | -8/Storage | Used back door to open Recycling access 1238 | -8/Storage | Discovered new exit (range 4) 1239 | -8/Storage | Entered Recycling 1253 | -8/Recycling | Lost 3 parts (2p1w) 1273 | -8/Recycling | Core integrity fell below 20% 1411 | -8/Recycling | Scanned before Scraplab entrance 1418 | -8/Recycling | Entered Scraplab 1427 | -8/Recycling | Discovered new exit (range 3) 1428 | -8/Recycling | Entered Scraptown 1511 | -8/Scraptown | Discovered new exit (range 11) 1528 | -8/Scraptown | Entered Factory 1528 | -6/Factory | Evolved 4 slots: Power x1, Propulsion x1, Utility x1, Weapon x1 1574 | -6/Factory | Sucked down chute 1574 | -6/Factory | Entered Waste 1585 | -6/Waste | Spotted C-40 Crusher 1588 | -6/Waste | Spotted C-40 Crusher 1588 | -6/Waste | Spotted C-40 Crusher 1588 | -6/Waste | Spotted C-40 Crusher 1589 | -6/Waste | EMP discharged 1591 | -6/Waste | Discovered new exit (range 18) 1592 | -6/Waste | Spotted C-40 Crusher 1602 | -6/Waste | Entered Factory 1644 | -6/Factory | Discovered new exit (range 15) 1677 | -6/Factory | Entered Extension 1708 | -6/Extension | Spotted B-75 Beast 1842 | -6/Extension | Rescued a captive Derelict 1843 | -6/Extension | Rescued a captive Derelict 1939 | -6/Extension | Assembled infested ambush trap array 1984 | -6/Extension | System corruption reached 10% 2014 | -6/Extension | Lost 4 parts (1n3u) 2068 | -6/Extension | Rescued A7 2140 | -6/Extension | Rescued a captive Derelict 2141 | -6/Extension | Rescued a captive Derelict 2220 | -6/Extension | Rescued a captive Derelict 2221 | -6/Extension | Rescued a captive Derelict 2324 | -6/Extension | Build established: Scavenger-Mutant 2328 | -6/Extension | Spotted B-75 Beast 2350 | -6/Extension | Core integrity fell below 50% 2360 | -6/Extension | Core integrity fell below 20% 2367 | -6/Extension | Destroyed by B-75 Beast with Heavy Plasma Cannon Last Messages --------------- 02353_ U-05 Engineer destroyed. 02354_ R-10 Processor destroyed. 02355_ S-27 Virus Lgt. Nuclear Core severed. 02357_ S-27 Virus destroyed. 02357_ Power Sword destroyed. 02357_ Critical hit (Blast). 02359_ S-27 Virus knocked back. 02359_ R-10 Processor collects Imp. Deuterium Engine. 02360_ Y-54 Guardian destroyed. 02360_ Power Sword destroyed. 02360_ Knocked back. 02363_ B-75 Beast Hvy. Plasma Cannon severed. 02363_ R-10 Processor collects Lgt. Treads. 02365_ Chain reaction triggered in Rnf. Deuterium Engine. 02365_ S-27 Virus destroyed. 02365_ Imp. Heat Sink destroyed. 02365_ Knocked back. 02366_ QM:LAJH1QIPG8FF /5%:UDZBNP 02366_ Acquired 7 matter. 02366_ R-10 Processor collects Lgt. Treads. Map ----- +----------------------------------------------------+ | ##+##### !!% % #??????????????????? | | ####################### #??????????????????? | | #?????????????????????# #??????????????????? | | #?????????????????????# #??????????????????? | | #???????????????#####?# #??????????????????? | | #######???????????????#"""#?# #??????????????????? | | ??????????????????????#"T"#?# #??????????????????? | | ?????????????????????##" "### #??????????????????? | | ????????????????????## # #??????????????????? | | ????????????????????#" """ # #??????????????????? | | ????????????????????#T "Y" + #??????????????????? | | ????????????????????#" !/[ # #??????????????????? | | ????????????????????## [ * # #??????????????????? | | ?????????????????????# /]/ # #??????????????????? | | ?????????????????????##" "###%#??????????????????? | | ??????????????????????#"Y"### #?######???????????? | | ??????????????????????#"""### ### ## ### ????????? | | ??????????????????????##### "%"" "" ????????? | | ??????????????????????????# %!% " "???????? | | ??????????????????????????# ! R #?????? | | ??????????????###?????????#% % #?????? | | ########################### [%! u ??????? | | w =%= llp ?????? | | !% =% [ BBY ?????? | | !%! % %%BB ?????? | | = @ =BB ?????? | | k k k k % BB RR ?????? | | ##########################;% #?????? | | ?????????????????????????## ??????? | | ??????????????????????????# ??????? | | ??????????????????????????# ???????? | | ??????????????????????????# ???????? | | ??????????????????????????######T#"""#####???????? | | ????????????????????????????????##???????????????? | | ?????????????????????????????????????????????????? | | | | | | | | | | | | | | | | | | | | | | | | | | | | | | | +----------------------------------------------------+ Best States ------------- Heat Dissipation 51 Energy Generation 29 Energy Capacity 340 Matter Stores 300 Matter Capacity 300 Sight Range 18 Terrain Scan Density 10 ECM Strength 1 Armor Coverage 300 Resistance: KI 20 Evasion (%) 65 Melee Accuracy 5 Item Schematics ----------------- None Robot Schematics ------------------ None Fabricated ------------ Nothing Repaired ---------- Nothing Alien Tech Used ----------------- None Achievements -------------- Prison Break Challenges ------------ None Game ------ Seed SupersonicTechShearcannon Manual? 0 Play Time 00:34:20 Cumulative 19.1 hours Start 2025.10.18 @ 22:21:32 End 2025.10.18 @ 22:56:31 Sessions 1 Manual Loads 0 Difficulty Rogue Special Mode None Game No. 33 Rogue 33 Adventurer 0 Explorer 0 Win Type - Total 0 Types 0/0/0/0/0/0/0/0/0/0 Lore% 8 Gallery% 22 Achievement% 18 Wizard Run 0 Options --------- Layout 0 ASCII 0 Keyboard 1 Movement Arrows Keybinds 0 Fullscreen 1 Font 24/Smallcaps Map View 76x50 Zoom Use 0% Tactical HUD 1 Map Filters NONE Filters NONE Steam 1 RUN: b782260a-0868-4703-9d90-5553da378d18